 Dungeon Crawl Stone Soup version 0.31-a0-188-g5e087ee2ca (webtiles) character file.

Game seed: 10916649464808946107

61 qw the Shooter (level 3, -1/20 HPs)
             Began as a Deep Elf Hunter on June 23, 2023.
             Slain by Sigmund
             ... wielding a +0 scythe
              (8 damage)
             ... on level 3 of the Dungeon.
             The game lasted 00:00:28 (1296 turns).

qw the Shooter (Deep Elf Hunter)                    Turns: 1296, Time: 00:00:29

Health: -1/20      AC:  5    Str: 10    XL:     3   Next: 83%
Magic:  5/5        EV: 12    Int: 13    God:
Gold:   87         SH:  0    Dex: 18    Spells: 2/2 levels left

rFire   . . .        b - +0 orcbow
rCold   . . .        (shield currently unavailable)
rNeg    . . .        c - +0 leather armour
rPois   .            (no helmet)
rElec   .            (no cloak)
rCorr   .            d - +1 pair of gloves
SInv    .            (no boots)
Will    .....        (no amulet)
Stlth   ++           (no ring)
HPRegen 0.23/turn    (no ring)
MPRegen 0.09/turn

%: no passive effects
@: no status effects
A: no striking features
a: no special abilities


You were on level 3 of the Dungeon.
You visited 1 branch of the dungeon, and saw 3 of its levels.

You collected 87 gold pieces.


   Skills:
 - Level 1.5 Fighting
 + Level 7.3 Ranged Weapons
 - Level 2.4 Dodging
 - Level 1.2 Stealth


You had 2 spell levels left.
You didn't know any spells.
Your spell library was empty.

Inventory:

Hand Weapons
 b - a +0 orcbow (weapon)
Armour
 c - a +0 leather armour (worn)
 d - a +1 pair of gloves (worn)
 k - a +0 scale mail
Jewellery
 l - an amulet of the acrobat
Scrolls
 i - a scroll of poison {unknown}
Potions
 a - a potion of resistance
 e - a potion of degeneration {unknown}
 f - a potion of curing {unknown}
 g - a potion of haste {unknown}
 h - a potion of might {unknown}
 j - a potion of attraction {unknown}

Dungeon Overview and Level Annotations

Branches:
Dungeon (3/15)

Altars:
Cheibriados
Ru
Xom
Yredelemnul

Annotations:
D:3 Sigmund


Message History

A ball python comes into view.
Enter note:
Enter note: You shoot an arrow.
The arrow hits the ball python!
You kill the ball python!
l - an amulet of the acrobat
Enter note:
Enter note: You open the door.
Found a sacrificial altar of Ru.
Found an escape hatch in the floor.
Enter note:
Enter note:
Enter note:
Enter note: Sigmund the Dreaded comes into view.
He is wielding a +0 scythe.
Enter note:
Enter note:
Enter note:
Enter note: You shoot an arrow.
The arrow completely misses Sigmund.
You shoot an arrow. The arrow barely misses Sigmund.
Sigmund shouts!
You shoot an arrow. The arrow barely misses Sigmund.
You shoot an arrow. The arrow closely misses Sigmund.
Sigmund drinks a potion.
Sigmund flickers and vanishes!
Deactivating autopickup; reactivate with Ctrl-A.
You shoot an arrow.
A bat comes into view.
The bat moves out of view.
You shoot an arrow. You shoot an arrow. Something hits you but does no damage.
You shoot an arrow. Something hits you!
You shoot an arrow. Something hits you!
You shoot an arrow. You shoot an arrow. Something hits you!
You die...

#.........#)#....######........
#####.....###....#~~~~#........
######............#~_>~#........
#.................#~}.~#........
#.................#~~~ #.#######
#......#######....#ยค####.#
########.................#
............######
.......@#......#
........#......#
........#......#
........####+### .........
......... ......... ..........


There were no monsters in sight!

Vanquished Creatures
  A hound zombie (D:3)
  An adder (D:2)
  An adder zombie (D:3)
  2 worms (D:2)
  A dart slug (D:1)
  A bat (D:2)
  2 endoplasms
  A giant cockroach (D:2)
  A goblin (D:1)
  3 hobgoblins
  3 kobolds
  A quokka (D:1)
  4 ball pythons
  A ball python zombie (D:3)
  3 frilled lizards
  2 rats
28 creatures vanquished.

Notes
Turn   | Place    | Note
-------+----------+-------------------------------------------
     0 | D:1      | qw the Deep Elf Hunter began the quest for the Orb.
     0 | D:1      | Reached XP level 1. HP: 12/12 MP: 3/3
     0 | D:1      | 0 ||| qw: Version: 0.3-a-9-g12657ce
     0 | D:1      | 0 ||| qw: Game counter: 3734
     0 | D:1      | 0 ||| qw: Always use a shield: true
     0 | D:1      | 0 ||| qw: God list: Okawaru
     0 | D:1      | 0 ||| qw: Allow faded altars: false
     0 | D:1      | 0 ||| qw: Do Orc after D:15 true
     0 | D:1      | 0 ||| qw: Do second Lair branch before Depths: true
     0 | D:1      | 0 ||| qw: Lair rune preference: random
     0 | D:1      | 0 ||| qw: Plans: Normal
     0 | D:1      | 0 ||| PLANNING D:1-11
   271 | D:1      | Reached XP level 2. HP: 16/16 MP: 4/4
   364 | D:1      | 364 ||| FLEEEEING.
   381 | D:1      | Reached skill level 6 in Ranged Weapons
   403 | D:1      | 403 ||| UPGRADING to +1 pair of gloves.
   408 | D:1      | 408 ||| READING scroll labelled DON KAIFIQISTRU.
   411 | D:1      | 411 ||| READING scroll labelled REJORREWIL.
   412 | D:1      | 412 ||| READING scroll labelled EFYMEL JUKE.
   413 | D:1      | 413 ||| DROPPING scroll of butterflies.
   620 | D:2      | Found a snail-covered altar of Cheibriados.
   635 | D:2      | Reached XP level 3. HP: 20/20 MP: 5/5
   684 | D:2      | 684 ||| SWAPPING to +0 orcbow.
   685 | D:2      | 685 ||| DROPPING +0 shortbow.
   818 | D:2      | Found a faded altar of an unknown god.
   990 | D:2      | 990 ||| DRINKING 2 viscous black potions.
  1003 | D:3      | Reached skill level 7 in Ranged Weapons
  1056 | D:3      | Found a basalt altar of Yredelemnul.
  1110 | D:3      | Found a shimmering altar of Xom.
  1281 | D:3      | Found a sacrificial altar of Ru.
  1284 | D:3      | Noticed Sigmund
  1296 | D:3      | Slain by Sigmund

Levels and vault maps discovered:
D:1:      dpeg_arrival_rooms_with_view, layout_rooms
D:2:      layout_loops_ring, basic_altar, shapermc_ecumenical_altar_pompeii,
          kennysheep_generic_room_9
D:3:      layout_basic, general_overflow_altar, tso_altar,
          nicolae_yredelemnul_corpse_copse, nicolae_overflow_hidden_temple,
          kiku_gazebo_garden_becter, item_on_display_a, uniq_sigmund

Skill      XL: |  1  2  3 |
---------------+----------+-----
Ranged Weapons | 6 7 |  7.3
Fighting       | |  1.5
Dodging        | |  2.4
Stealth        | |  1.2

Action                     || total
---------------------------++-------
   Fire: Shortbow          ||    54
         Orcbow            ||    31
    Use: Scroll            ||     3
         Potion            ||     1
 Armour: Leather armour    ||     5
  Dodge: Dodged            ||    12

Table legend:
 A = Non-vault XP
 B = Vault XP
 C = Vault XP percentage of total XP
 D = Non-vault monster count
 E = Vault monster count
 F = Vault count percentage of total count
                 A         B        C        D         E       F
            +---------+---------+-------+---------+---------+-------
      Total |      57 |      31 |  35.2 |      23 |       5 |  17.9
            +---------+---------+-------+---------+---------+-------
        D:1 |      12 |       4 |  25.0 |       6 |       2 |  25.0
        D:2 |      37 |       0 |   0.0 |      12 |       0 |   0.0
        D:3 |       8 |      27 |  77.1 |       5 |       3 |  37.5
            +---------+---------+-------+---------+---------+-------
